[Event "Titled Tuesday Blitz June 1 2021"]
[White "Kovalev, Vladislav"]
[Black "Hebden, Mark L"]
[WhiteFideId "13504398"]
[BlackFideId "400084"]
[WhiteElo "2573"]
[BlackElo "2457"]
[Result "1-0"]
[Round "02"]
[TimeControl "180+1"]
[Date "2021.06.01"]
[WhiteClock "0:00:14"]
[BlackClock "0:00:39"]

1. e4 e5 2. Nf3 Nc6 3. Nc3 Nf6 4. h3 d6 5. d4 Be7 6. Bb5 Bd7 7. O-O O-O 8. Re1 h6 9. Bxc6 Bxc6 10. dxe5 dxe5 11. Qxd8 Raxd8 12. Nxe5 Bxe4 13. Nxe4 Nxe4 14. Bxh6 Nxf2 15. Be3 Ne4 16. Bxa7 Bf6 17. Rxe4 b6 18. Rae1 Rfe8 19. Nc6 Rxe4 20. Rxe4 Rd1+ 21. Kf2 Bxb2 22. Bb8 Rd6 23. Ne7+ Kf8 24. Bxc7 Rd2+ 25. Kf3 Ba3 26. Nf5 Rxc2 27. Bd6+ Bxd6 28. Nxd6 g6 29. a4 f5 30. Rb4 Ke7 31. Nc4 Rc3+ 32. Kf2 Rc2+ 33. Kg1 Ra2 34. Nxb6 Kd6 35. Nc8+ Kc5 36. Rb6 g5 37. Rf6 f4 38. Rf5+ Kd4 39. Rxg5 Rxa4 40. Rf5 Ke3 41. Re5+ Kd4 42. Re1 Ra6 43. Ne7 Re6 44. Rxe6 1-0


[Site "https://www.chess.com"]

[Event "Titled Tuesday Blitz June 1 2021"]
[White "Laxman, R.R."]
[Black "Fayzullaev, Akmal"]
[WhiteFideId "5005361"]
[BlackFideId "14200554"]
[WhiteElo "2476"]
[BlackElo "2264"]
[Result "0-1"]
[Round "02"]
[TimeControl "180+1"]
[Date "2021.06.01"]
[WhiteClock "0:00:17"]
[BlackClock "0:00:30"]

1. d4 Nf6 2. Nf3 g6 3. c4 Bg7 4. Nc3 O-O 5. e4 d6 6. Be2 Bg4 7. O-O Nfd7 8. Be3 c5 9. d5 Na6 10. Qd2 Nc7 11. h3 Bxf3 12. Bxf3 a6 13. a4 Qb8 14. Be2 e6 15. f4 exd5 16. exd5 Re8 17. Kh1 f5 18. Bd3 Nf6 19. Rae1 b5 20. cxb5 axb5 21. axb5 Qb7 22. Bc4 Ne4 23. Nxe4 Rxe4 24. b3 Nxb5 25. Bxc5 Bc3 26. Qd3 Rxe1 27. Rxe1 Bxe1 28. Bxb5 Ra1 29. Kh2 dxc5 30. d6 Qb8 31. Bc4+ Kg7 32. Qd5 Kh6 33. Qe5 Ra8 34. g4 Qe8 35. Be6 Ra2+ 36. Kh1 Bg3 37. gxf5 Qa8+ 38. Bd5 Rh2+ 39. Kg1 Qa2 40. Qe3 Bf2+ 0-1


[Site "https://www.chess.com"]

[Event "Titled Tuesday Blitz June 1 2021"]
[White "Lazavik, Denis"]
[Black "Gormally, Daniel W"]
[WhiteFideId "13515110"]
[BlackFideId "406465"]
[WhiteElo "2436"]
[BlackElo "2543"]
[Result "1-0"]
[Round "02"]
[TimeControl "180+1"]
[Date "2021.06.01"]
[WhiteClock "0:00:22"]
[BlackClock "0:00:28"]

1. d4 Nf6 2. c4 g6 3. g3 c5 4. d5 b5 5. cxb5 a6 6. bxa6 Bg7 7. Nc3 O-O 8. Bg2 Qa5 9. Bd2 Qxa6 10. Nh3 d6 11. Nf4 Nbd7 12. O-O Ne5 13. b3 h6 14. h4 Bf5 15. e4 Bg4 16. f3 Bd7 17. Qe2 Rfb8 18. Qxa6 Rxa6 19. Rfb1 Ne8 20. Kf2 g5 21. hxg5 hxg5 22. Nfe2 Nd3+ 23. Ke3 Nb4 24. Rc1 f5 25. a3 Rba8 26. a4 fxe4 27. fxe4 Nf6 28. Bf3 Ng4+ 29. Bxg4 Bxg4 30. Rab1 Re8 31. Nb5 Rb6 32. Bxb4 cxb4 33. Ned4 e6 34. dxe6 Bxe6 35. Nc7 Bf7 36. Nxe8 Bxe8 37. Rc8 Kf7 38. Rf1+ Bf6 39. Rxf6+ Kxf6 40. Rxe8 1-0


[Site "https://www.chess.com"]

[Event "Titled Tuesday Blitz June 1 2021"]
[White "Le, Tuan Minh"]
[Black "Gurvich, Vitaly"]
[WhiteFideId "12401153"]
[BlackFideId "24164852"]
[WhiteElo "2450"]
[BlackElo "2252"]
[Result "1-0"]
[Round "02"]
[TimeControl "180+1"]
[Date "2021.06.01"]
[WhiteClock "0:00:04"]
[BlackClock "0:00:01"]

1. d4 Nf6 2. Nf3 e6 3. Bf4 b6 4. e3 Bb7 5. Bd3 g6 6. h3 Bg7 7. O-O d6 8. a4 a6 9. c3 O-O 10. Nbd2 Nbd7 11. Bh2 Re8 12. e4 e5 13. Re1 Nh5 14. Nf1 Nf8 15. Qc2 Ne6 16. dxe5 dxe5 17. Bc4 Nef4 18. Ne3 c6 19. Rad1 Qe7 20. b4 b5 21. Bb3 Rad8 22. axb5 axb5 23. h4 Bf6 24. Ng4 Kg7 25. g3 Rxd1 26. Rxd1 Ne6 27. Qd2 Rd8 28. Qh6+ Kg8 29. Nxf6+ Qxf6 30. Rxd8+ Qxd8 31. Nxe5 Qf6 32. f4 Nhg7 33. Kf1 Qd8 34. Bg1 1-0


[Site "https://www.chess.com"]

[Event "Titled Tuesday Blitz June 1 2021"]
[White "Lehtosaari, Mauri"]
[Black "Sammed_Shete"]
[WhiteFideId "501999"]
[WhiteElo "2448"]
[BlackElo "2699"]
[Result "0-1"]
[Round "02"]
[TimeControl "180+1"]
[Date "2021.06.01"]
[WhiteClock "0:00:21"]
[BlackClock "0:00:12"]

1. d4 Nf6 2. Nf3 e6 3. Bg5 d5 4. Nbd2 Be7 5. e3 O-O 6. Bd3 b6 7. O-O Ba6 8. Bxa6 Nxa6 9. Ne5 Nb8 10. c3 c5 11. a4 Qc7 12. f4 Nc6 13. Qf3 h6 14. Bh4 Nxe5 15. fxe5 Nh7 16. Bxe7 Qxe7 17. a5 Rab8 18. axb6 axb6 19. Ra2 Ra8 20. Rxa8 Rxa8 21. e4 Rd8 22. exd5 Rxd5 23. Qe3 cxd4 24. cxd4 Qb4 25. Nb3 Nf8 26. Qc3 Rb5 27. Rf3 Ng6 28. Qc8+ Qf8 29. Qc2 Rb4 30. h3 Ne7 31. Nd2 Rxd4 32. Ne4 Nf5 33. Ng3 Nxg3 34. Rxg3 Rd5 35. Qe4 Qc5+ 36. Kh1 Rxe5 37. Qa8+ Kh7 38. Qf3 Re1+ 0-1


[Site "https://www.chess.com"]

[Event "Titled Tuesday Blitz June 1 2021"]
[White "Lovkov, Roman"]
[Black "Seul, Georg"]
[WhiteFideId "4157389"]
[BlackFideId "4601653"]
[WhiteElo "2387"]
[BlackElo "2332"]
[Result "1-0"]
[Round "02"]
[TimeControl "180+1"]
[Date "2021.06.01"]
[WhiteClock "0:01:00"]
[BlackClock "0:00:38"]

1. e4 e5 2. Nf3 Nc6 3. Bb5 a6 4. Ba4 Bc5 5. c3 Nge7 6. O-O Ba7 7. d4 Ng6 8. Be3 O-O 9. Nbd2 d6 10. Bxc6 bxc6 11. dxe5 Bxe3 12. fxe3 Nxe5 13. Nxe5 dxe5 14. Nc4 Qe7 15. Qa4 Qc5 16. Qb4 Qa7 17. Nxe5 Qxe3+ 18. Kh1 c5 19. Qa4 Be6 20. Nc6 Kh8 21. Rad1 Qe2 22. Qa3 Qxe4 23. Qxc5 Bd5 24. Qxd5 1-0


[Site "https://www.chess.com"]

[Event "Titled Tuesday Blitz June 1 2021"]
[White "Maly, Alexey"]
[Black "Gurevich, Dmitry"]
[WhiteFideId "14103184"]
[BlackFideId "2000407"]
[WhiteElo "2314"]
[BlackElo "2506"]
[Result "1-0"]
[Round "02"]
[TimeControl "180+1"]
[Date "2021.06.01"]
[WhiteClock "0:02:37"]
[BlackClock "0:02:19"]

1. d4 Nf6 2. c4 a6 3. e3 e6 4. Nf3 c5 5. Nbd2 d5 6. dxc5 Bxc5 7. a3 O-O 8. b4 Be7 9. Bb2 Nc6 10. Be2 dxc4 11. Bxc4 b5 12. Be2 Bb7 13. O-O Qb6 14. Qb3 Rfd8 15. Rfd1 h6 16. Rac1 a5 17. bxa5 Rxa5 18. Nc4 Rxd1+ 19. Rxd1 1-0


[Site "https://www.chess.com"]

[Event "Titled Tuesday Blitz June 1 2021"]
[White "Manafov, Vugar"]
[Black "Shubenkova, Veronika"]
[WhiteFideId "13410814"]
[BlackFideId "44124040"]
[WhiteElo "2274"]
[BlackElo "1895"]
[Result "1-0"]
[Round "02"]
[TimeControl "180+1"]
[Date "2021.06.01"]
[WhiteClock "0:01:05"]
[BlackClock "0:00:52"]

1. Nf3 d5 2. g3 Nf6 3. Bg2 g6 4. O-O Bg7 5. d3 O-O 6. Nc3 c6 7. e4 b6 8. Nd2 Bb7 9. f4 dxe4 10. dxe4 Nfd7 11. Nc4 Qc7 12. a4 Na6 13. Be3 Rad8 14. Qe2 Ndc5 15. Rfd1 e6 16. e5 Nb4 17. Bxc5 bxc5 18. Ne4 Nd5 19. Nxc5 Bc8 20. c3 a5 21. Kh1 Rfe8 22. Rd2 f6 23. exf6 Bxf6 24. Re1 Qa7 25. Nd3 Ba6 26. Nce5 Ne7 27. Qd1 Qb6 28. Ng4 Bg7 29. Nde5 Nd5 30. Qf3 h5 31. Nf2 Bxe5 32. Rxe5 Nf6 33. Rxd8 Qxd8 34. Qxc6 Bc8 35. Re2 Ng4 36. Qf3 e5 37. Nxg4 Bxg4 38. Qd5+ Kg7 39. Rxe5 Rxe5 40. Qxd8 Re1+ 41. Bf1 Rxf1+ 42. Kg2 Rb1 43. Qc7+ Kh6 44. Qb8 Ra1 45. Qh8# 1-0


[Site "https://www.chess.com"]

[Event "Titled Tuesday Blitz June 1 2021"]
[White "Martinez Alcantara, Jose Eduardo"]
[Black "Yap, Kim Steven"]
[WhiteFideId "3805662"]
[BlackFideId "5202809"]
[WhiteElo "2690"]
[BlackElo "2405"]
[Result "1-0"]
[Round "02"]
[TimeControl "180+1"]
[Date "2021.06.01"]
[WhiteClock "0:00:20"]
[BlackClock "0:00:00"]

1. e4 g6 2. d4 Bg7 3. c3 d6 4. Bd3 Nc6 5. Nf3 e5 6. Bg5 Nf6 7. Nbd2 h6 8. Bh4 O-O 9. dxe5 Nxe5 10. Nxe5 dxe5 11. Qe2 Bg4 12. f3 Be6 13. Bc4 Qe7 14. O-O Rfd8 15. Bxe6 Qxe6 16. Bf2 Rd7 17. Nc4 b6 18. a4 Bf8 19. g3 Ne8 20. Ne3 c6 21. Qc4 Nc7 22. Rfd1 Rad8 23. Rxd7 Rxd7 24. Qxe6 Nxe6 25. Nc4 f6 26. Kf1 Bc5 27. Be1 Kf7 28. Ke2 h5 29. b4 Be7 30. Bf2 Bd8 31. Be3 Bc7 32. Nb2 Nd8 33. a5 bxa5 34. bxa5 a6 35. Nd3 1-0


[Site "https://www.chess.com"]

[Event "Titled Tuesday Blitz June 1 2021"]
[White "Meissner, Felix"]
[Black "Garcia Pantoja, Roberto"]
[WhiteFideId "24671827"]
[BlackFideId "3509265"]
[WhiteElo "2390"]
[BlackElo "2541"]
[Result "1-0"]
[Round "02"]
[TimeControl "180+1"]
[Date "2021.06.01"]
[WhiteClock "0:00:22"]
[BlackClock "0:00:02"]

1. e4 c6 2. Nc3 d5 3. Qe2 dxe4 4. Nxe4 Bf5 5. Nf3 e6 6. g3 Nd7 7. Bg2 Ngf6 8. d3 Be7 9. O-O O-O 10. b3 a5 11. a4 h6 12. Bb2 Re8 13. Rfe1 Bg6 14. Rad1 Qc7 15. Nxf6+ Bxf6 16. Ne5 Nxe5 17. Bxe5 Bxe5 18. Qxe5 Qxe5 19. Rxe5 Red8 20. Rde1 Kf8 21. f4 Rd4 22. Kf2 Bf5 23. h3 h5 24. Bf3 h4 25. g4 Bh7 26. Ke3 Rb4 27. Rh5 Kg8 28. Rxh4 Bg6 29. g5 Rc8 30. Kd2 b5 31. Ra1 bxa4 32. Rxa4 Rxa4 33. bxa4 c5 34. Rg4 Bf5 35. Rg3 Rb8 36. Bc6 Rb4 37. Ke3 c4 38. Bb5 c3 39. h4 Kh7 40. h5 f6 41. gxf6 gxf6 42. Rg2 Kh6 43. Be8 Rb1 44. Kd4 Rb4+ 45. Ke3 Rb1 46. Bg6 Rb2 47. Bxf5 exf5 48. Kd4 Rb4+ 49. Kxc3 Rxf4 50. Rg6+ Kxh5 51. Rxf6 Kg5 52. Rf8 Rxa4 53. Kb3 Rb4+ 54. Kc3 f4 55. Ra8 Rb5 56. Kd4 f3 57. Ke3 Rf5 58. Kf2 Kf4 59. c4 Rg5 60. Rf8+ Ke5 61. Kxf3 Kd4 62. Rd8+ Kc3 63. Kf4 Rh5 64. Ke4 a4 65. Ra8 Rh4+ 66. Kd5 Rh5+ 67. Kc6 Kb3 68. c5 a3 69. d4 a2 70. d5 Rh6+ 71. d6 Rh4 72. Rxa2 Kxa2 73. d7 Rd4 74. Kc7 Kb3 75. c6 Kc4 76. d8=Q Rxd8 77. Kxd8 Kd5 78. c7 1-0


[Site "https://www.chess.com"]

[Event "Titled Tuesday Blitz June 1 2021"]
[White "Migot, Tangi"]
[Black "Kuzubov, Yuriy"]
[WhiteFideId "662445"]
[BlackFideId "14112906"]
[WhiteElo "2551"]
[BlackElo "2577"]
[Result "0-1"]
[Round "02"]
[TimeControl "180+1"]
[Date "2021.06.01"]
[WhiteClock "0:00:07"]
[BlackClock "0:01:18"]

1. d4 Nf6 2. Nf3 e6 3. e3 c5 4. c3 b6 5. Bd3 Bb7 6. O-O Be7 7. Nbd2 d5 8. b3 O-O 9. Bb2 Nc6 10. Qe2 Rc8 11. Rac1 Qc7 12. Rfd1 cxd4 13. exd4 Bd6 14. h3 Rfe8 15. c4 dxc4 16. bxc4 Bf4 17. a3 Qb8 18. Rc2 Ne7 19. Ne4 Nxe4 20. Bxe4 Bxe4 21. Qxe4 Ng6 22. Bc1 Bxc1 23. Rdxc1 Red8 24. c5 h6 25. c6 Qf4 26. Qe2 Qd6 27. Ne5 Nxe5 28. dxe5 Qxa3 29. c7 Rd5 30. Rd1 Qe7 31. Rdc1 Rc5 32. Rxc5 bxc5 33. Qa6 Qxc7 34. Rb1 Rd8 35. Rb7 Qxe5 36. g3 Rd1+ 37. Kh2 Qe4 0-1


[Site "https://www.chess.com"]

[Event "Titled Tuesday Blitz June 1 2021"]
[White "Milosevic, Milos"]
[Black "Urazayev, Arystanbek"]
[WhiteFideId "964875"]
[BlackFideId "13709810"]
[WhiteElo "2135"]
[BlackElo "2321"]
[Result "0-1"]
[Round "02"]
[TimeControl "180+1"]
[Date "2021.06.01"]
[WhiteClock "0:00:05"]
[BlackClock "0:01:25"]

1. e4 c5 2. Nf3 e6 3. Nc3 Nc6 4. d4 cxd4 5. Nxd4 Nf6 6. a3 Qc7 7. Be2 a6 8. O-O b5 9. Be3 Bb7 10. f4 Nxd4 11. Qxd4 d6 12. a4 e5 13. Qd3 b4 14. Nd5 Bxd5 15. exd5 Be7 16. c3 e4 17. Qd2 bxc3 18. bxc3 O-O 19. Rfb1 Nd7 20. a5 f5 21. Ra4 Rfc8 22. c4 Nc5 23. Ra2 Rab8 24. Rab2 Bf6 25. Rb6 Nd7 26. Rxb8 Rxb8 27. Rxb8+ Qxb8 28. c5 Nxc5 29. Bxc5 dxc5 30. Bxa6 Qb1+ 31. Bf1 Bd4+ 0-1


[Site "https://www.chess.com"]

[Event "Titled Tuesday Blitz June 1 2021"]
[White "Moroni, Luca Jr"]
[Black "Brankovic, Dejan"]
[WhiteFideId "865834"]
[BlackFideId "921602"]
[WhiteElo "2491"]
[BlackElo "2237"]
[Result "1-0"]
[Round "02"]
[TimeControl "180+1"]
[Date "2021.06.01"]
[WhiteClock "0:00:49"]
[BlackClock "0:00:53"]

1. d4 Nf6 2. c4 g6 3. Nc3 Bg7 4. e4 d6 5. Bd3 O-O 6. Nge2 e5 7. d5 c6 8. O-O cxd5 9. cxd5 Na6 10. f3 Nc5 11. Bc2 a5 12. Be3 b6 13. a3 a4 14. Nxa4 Ba6 15. Nac3 Nh5 16. b4 Nd7 17. Bd3 Nf4 18. Bxa6 Rxa6 19. Nb5 Nb8 20. Nxf4 exf4 21. Bd4 Bxd4+ 22. Qxd4 Qd7 23. Qd3 Ra8 24. Rac1 Na6 25. Rc6 Nb8 26. Rxd6 Qb7 27. e5 Nd7 28. e6 Ne5 29. Qd4 f6 30. Rxb6 Qc8 31. e7 Re8 32. Nd6 Qd7 33. Nxe8 Rxe8 34. d6 1-0


[Site "https://www.chess.com"]

[Event "Titled Tuesday Blitz June 1 2021"]
[White "Moskalenko, Alexander"]
[Black "Grunberg, Mihai-Lucian"]
[WhiteFideId "4155351"]
[BlackFideId "1204149"]
[WhiteElo "2495"]
[BlackElo "2364"]
[Result "1-0"]
[Round "02"]
[TimeControl "180+1"]
[Date "2021.06.01"]
[WhiteClock "0:01:03"]
[BlackClock "0:00:28"]

1. e4 Nf6 2. e5 Nd5 3. Nf3 d6 4. d4 dxe5 5. c4 Nb6 6. Nxe5 N8d7 7. Nxf7 Kxf7 8. c5 Nxc5 9. dxc5 Qxd1+ 10. Kxd1 Na4 11. c6 bxc6 12. Bc4+ Be6 13. Bxe6+ Kxe6 14. Nd2 Rd8 15. Kc2 g6 16. Re1+ Kf7 17. Nf3 Bg7 18. Ng5+ Kg8 19. Ne6 Rd6 20. Nxg7 Kxg7 21. b3 Rf8 22. Rxe7+ Kg8 23. bxa4 Rxf2+ 24. Kc3 Rd1 25. Rxc7 Rxg2 26. Rxa7 Rxh2 27. a5 Rf1 28. Rd7 Rf5 29. a6 Rc5+ 30. Kd4 Rxc1 31. Rxc1 Rd2+ 32. Kc5 Rxd7 33. Kb6 h5 34. a7 1-0


[Site "https://www.chess.com"]

[Event "Titled Tuesday Blitz June 1 2021"]
[White "Nagy, Gabor"]
[Black "Novik, Maxim"]
[WhiteFideId "737119"]
[BlackFideId "4102924"]
[WhiteElo "2562"]
[BlackElo "2406"]
[Result "1-0"]
[Round "02"]
[TimeControl "180+1"]
[Date "2021.06.01"]
[WhiteClock "0:02:38"]
[BlackClock "0:02:44"]

1. e4 c6 2. Nc3 d5 3. Nf3 dxe4 4. Nxe4 Nf6 5. Qe2 Nxe4 6. Qxe4 Qd5 7. Qf4 Qf5 8. Qe3 Nd7 9. Bd3 Qa5 10. O-O Nf6 11. b3 g6 12. Re1 Bg7 13. Qxe7# 1-0


[Site "https://www.chess.com"]

[Event "Titled Tuesday Blitz June 1 2021"]
[White "Nakamura, Hikaru"]
[Black "ValeriyGrinev"]
[WhiteFideId "2016192"]
[WhiteElo "2900"]
[BlackElo "2621"]
[Result "1-0"]
[Round "02"]
[TimeControl "180+1"]
[Date "2021.06.01"]
[WhiteClock "0:00:29"]
[BlackClock "0:00:19"]

1. b4 e5 2. Bb2 Bxb4 3. Bxe5 Nf6 4. e3 d5 5. c3 Bd6 6. Bxf6 Qxf6 7. g3 O-O 8. Bg2 c6 9. Ne2 Bg4 10. d4 Nd7 11. Nd2 Qe7 12. O-O Nf6 13. Re1 b5 14. a4 a6 15. Qc2 Bh5 16. Nf4 Bg6 17. Nxg6 hxg6 18. f3 c5 19. e4 dxe4 20. fxe4 cxd4 21. cxd4 Bb4 22. e5 Rac8 23. Qd3 Nd7 24. axb5 axb5 25. Rad1 Bxd2 26. Rxd2 Qb4 27. Rb1 Qc4 28. Bh3 Qxd3 29. Rxd3 Rfd8 30. Rxb5 Rc2 31. Rd5 Rc1+ 32. Kf2 Rc2+ 33. Ke3 Rc7 34. Ke4 Kf8 35. Ra3 Ke7 36. Rxd7+ Rdxd7 37. Bxd7 Kxd7 38. d5 Rc4+ 39. Kd3 Rb4 40. Ra7+ Ke8 41. d6 g5 42. Re7+ Kf8 43. Rc7 Ke8 44. Rc4 Rb2 45. Rc2 Rb4 46. Rc8+ Kd7 47. Rf8 f6 48. Rf7+ Ke6 49. Re7+ Kd5 50. d7 Rd4+ 51. Kc3 Kc5 52. e6 Rd6 53. Re8 1-0


[Site "https://www.chess.com"]

[Event "Titled Tuesday Blitz June 1 2021"]
[White "Nesterov, Arseniy"]
[Black "Biletskiy, Danylo"]
[WhiteFideId "24198455"]
[BlackFideId "14155419"]
[WhiteElo "2441"]
[BlackElo "2056"]
[Result "1-0"]
[Round "02"]
[TimeControl "180+1"]
[Date "2021.06.01"]
[WhiteClock "0:01:39"]
[BlackClock "0:01:39"]

1. d4 Nf6 2. c4 e6 3. Nf3 d5 4. Nc3 dxc4 5. e4 Bb4 6. Bxc4 Nxe4 7. O-O Nxc3 8. bxc3 Be7 9. Ne5 O-O 10. Qg4 f5 11. Qf3 Bf6 12. Qxf5 Kh8 13. Qe4 Bxe5 14. Qxe5 Nc6 15. Qe4 Qf6 16. Ba3 Re8 17. Rae1 e5 18. Bd3 g6 19. d5 Bf5 20. Qe3 Bxd3 21. Qxd3 Ne7 22. c4 Nf5 23. Bb2 Re7 24. f4 Qb6+ 25. Rf2 Rf8 26. fxe5 1-0


[Site "https://www.chess.com"]

[Event "Titled Tuesday Blitz June 1 2021"]
[White "Nguyen, Duc Hoa"]
[Black "Triapishko, Alexandr"]
[WhiteFideId "12401358"]
[BlackFideId "14122286"]
[WhiteElo "2299"]
[BlackElo "2490"]
[Result "1-0"]
[Round "02"]
[TimeControl "180+1"]
[Date "2021.06.01"]
[WhiteClock "0:00:18"]
[BlackClock "0:00:03"]

1. e4 e5 2. Nf3 Nc6 3. d4 exd4 4. Nxd4 Nf6 5. Nxc6 bxc6 6. Qe2 d6 7. Nc3 Be7 8. Bf4 O-O 9. O-O-O Bg4 10. f3 Be6 11. Qa6 Qd7 12. Bc4 Rfb8 13. e5 Rb6 14. Bxe6 Qxe6 15. Qa5 Nd7 16. exd6 Bxd6 17. Bxd6 cxd6 18. Rhe1 Ne5 19. f4 Qh6 20. g3 Nc4 21. Qxa7 Rbb8 22. Qc7 d5 23. b3 Qf6 24. Rd3 Rc8 25. Qe7 Qxe7 26. Rxe7 Nd6 27. a4 h5 28. Rd7 Nf5 29. Ne2 Re8 30. Nd4 Nxd4 31. Rxd4 Re2 32. Rc7 Rxh2 33. Rxc6 Rg2 34. Rxd5 g6 35. Rg5 Re8 36. Kb2 Kh7 37. a5 Kh6 38. a6 Rf8 39. b4 f6 40. Rgc5 Rxg3 41. Rc8 Rxc8 42. Rxc8 1-0


[Site "https://www.chess.com"]

[Event "Titled Tuesday Blitz June 1 2021"]
[White "Nguyen, Van Huy"]
[Black "Maevsky, Nikolay"]
[WhiteFideId "12401064"]
[BlackFideId "4198220"]
[WhiteElo "2443"]
[BlackElo "2282"]
[Result "1-0"]
[Round "02"]
[TimeControl "180+1"]
[Date "2021.06.01"]
[WhiteClock "0:00:19"]
[BlackClock "0:00:07"]

1. d4 d5 2. Nf3 Nf6 3. c4 c6 4. Qb3 dxc4 5. Qxc4 Bf5 6. g3 e6 7. Bg2 Be7 8. O-O Nbd7 9. e3 O-O 10. Rd1 h6 11. Qe2 Rc8 12. Nc3 Ne4 13. Nd2 Nxd2 14. Bxd2 Nf6 15. e4 Bg6 16. Bf4 Bh5 17. f3 Qa5 18. a3 Rfe8 19. b4 Qd8 20. Rac1 a6 21. h3 Bg6 22. g4 Nd7 23. Qf2 Bg5 24. Qe3 Bxf4 25. Qxf4 Qg5 26. Qxg5 hxg5 27. Kf2 f6 28. Bf1 Nb6 29. a4 Red8 30. a5 Na8 31. Na4 Bf7 32. Nc5 Rc7 33. Ke3 Re7 34. Rd2 Rb8 35. Bc4 Nc7 36. Rh1 Nd5+ 37. Bxd5 exd5 38. Kf2 Rbe8 39. Re1 Bg6 40. Rde2 dxe4 41. fxe4 Rd8 42. Rd2 Rde8 43. Kf3 Rd8 44. Re3 Rd6 45. d5 cxd5 46. exd5 Rxe3+ 47. Kxe3 Bf7 48. Ke4 b6 49. axb6 Rxb6 50. Rd4 Rd6 51. Nb7 Rd7 52. Na5 Bg6+ 53. Kf3 Bf7 54. d6 Be6 55. Nc6 Kf7 56. Nb8 Rd8 57. Nxa6 g6 58. Nc5 f5 59. b5 Bd7 60. b6 Bc6+ 61. Kf2 f4 62. b7 Rb8 63. d7 Rd8 64. b8=Q Rxb8 65. d8=Q Rxd8 66. Rxd8 Ke7 67. Rg8 Kf7 68. Rc8 Bd5 69. Rc7+ Kf6 70. Ra7 Bc4 71. Ne4+ Ke5 72. Nxg5 Bd5 73. Nf3+ Kf6 74. Ra5 Bb7 75. g5+ Ke6 76. h4 Bc8 77. Ra4 Kf5 78. Rc4 Ba6 79. Rc6 Bd3 80. Rf6+ Kg4 81. Ne5+ Kxh4 82. Nxd3 Kxg5 83. Rxf4 Kh5 84. Kg3 g5 85. Rf6 g4 86. Rf5+ Kg6 87. Kxg4 Kh7 88. Rf6 1-0


[Site "https://www.chess.com"]

[Event "Titled Tuesday Blitz June 1 2021"]
[White "Oparin, Grigoriy"]
[Black "Rozman, Levy"]
[WhiteFideId "24125890"]
[BlackFideId "2039877"]
[WhiteElo "2628"]
[BlackElo "2376"]
[Result "1-0"]
[Round "02"]
[TimeControl "180+1"]
[Date "2021.06.01"]
[WhiteClock "0:00:20"]
[BlackClock "0:00:01"]

1. d4 d5 2. Nf3 Nc6 3. g3 Bg4 4. Bg2 Qd7 5. h3 Bf5 6. c4 e6 7. O-O Nf6 8. Nc3 Bb4 9. a3 Bxc3 10. bxc3 dxc4 11. Nh4 Be4 12. f3 Nd5 13. Bd2 Bg6 14. e4 Nb6 15. f4 Nxd4 16. cxd4 Qxd4+ 17. Kh2 Bxe4 18. Qe1 Bxg2 19. Nxg2 Nd5 20. Rc1 O-O-O 21. Rf3 Rhe8 22. Bc3 Qc5 23. Bxg7 f6 24. Qe4 b5 25. f5 e5 26. Bh6 Qd4 27. Qe1 e4 28. Rf2 e3 29. Re2 Re4 30. Rd1 Qe5 31. Qa5 c6 32. Qxa7 c3 33. Qa6+ Kc7 34. Bxe3 c2 35. Rxd5 Qxd5 36. Bb6+ Kd6 37. Rxc2 Rde8 38. Qa7 Ke5 39. Rf2 Rc4 40. Bc7+ Ke4 41. Qe3# 1-0


[Site "https://www.chess.com"]

[Event "Titled Tuesday Blitz June 1 2021"]
[White "Ozates, Tuna"]
[Black "Murzin, Volodar"]
[WhiteFideId "6354521"]
[BlackFideId "44155573"]
[WhiteElo "1872"]
[BlackElo "2541"]
[Result "0-1"]
[Round "02"]
[TimeControl "180+1"]
[Date "2021.06.01"]
[WhiteClock "0:00:14"]
[BlackClock "0:00:13"]

1. e4 c6 2. d4 d5 3. e5 Bf5 4. Nf3 e6 5. Be2 Ne7 6. Nbd2 h6 7. c3 Nd7 8. Nb3 g5 9. Be3 Qc7 10. h4 g4 11. Nh2 h5 12. f3 gxf3 13. Nxf3 Bg6 14. O-O Nf5 15. Bf4 Be7 16. Ng5 Nxh4 17. Bd3 Nf5 18. a4 c5 19. dxc5 Nxc5 20. Nxc5 Qxc5+ 21. Kh2 O-O-O 22. Nf3 Rdg8 23. b4 Qc7 24. b5 h4 25. a5 Qc5 26. Qd2 Ng3 27. Rfb1 Bxd3 28. Qxd3 Ne4 29. Be3 h3 30. gxh3 Nf2 31. h4 Nxd3 32. Bxc5 Bxc5 33. Rf1 Nxe5 34. Kh3 Nd3 35. Ng5 Rxg5 0-1


[Site "https://www.chess.com"]

[Event "Titled Tuesday Blitz June 1 2021"]
[White "Ozen, Bahadir"]
[Black "Wachinger, Guenther"]
[WhiteFideId "6337058"]
[BlackFideId "4604261"]
[WhiteElo "2503"]
[BlackElo "2212"]
[Result "1-0"]
[Round "02"]
[TimeControl "180+1"]
[Date "2021.06.01"]
[WhiteClock "0:00:23"]
[BlackClock "0:00:13"]

1. e4 c5 2. Nf3 d6 3. Bb5+ Bd7 4. Bxd7+ Nxd7 5. O-O g6 6. c3 Bg7 7. d4 cxd4 8. cxd4 Ngf6 9. Nc3 O-O 10. e5 Ne8 11. e6 fxe6 12. Ng5 Nc7 13. Re1 e5 14. Qb3+ Kh8 15. Nf7+ Rxf7 16. Qxf7 Qf8 17. Qxf8+ Rxf8 18. dxe5 Nxe5 19. Be3 a6 20. Rad1 Rf7 21. Bb6 Ne6 22. Nd5 Nf4 23. Nxf4 Rxf4 24. b3 h5 25. h3 Nc6 26. Be3 Rf5 27. Re2 Kg8 28. g4 Ra5 29. Kg2 Kf7 30. f4 Rb5 31. Kf3 Nb4 32. Ke4 d5+ 33. Kf3 Nc6 34. Red2 d4 35. Bf2 Rc5 36. Ke4 Rc3 37. Rd3 Rc2 38. R1d2 Rc1 39. f5 hxg4 40. fxg6+ Kxg6 41. hxg4 Bf6 42. Re2 Rf1 43. Rg3 Rc1 44. g5 Bg7 45. Rg1 Rc5 46. Rd1 Re5+ 47. Kd3 Rxg5 48. Rg1 Rxg1 49. Bxg1 Kf5 50. Rf2+ Ke6 51. Ke4 Bf6 52. Rc2 Kd6 53. Bh2+ Kd7 54. a3 Na5 55. b4 Nc6 56. Bf4 Bg7 57. Rg2 Bf6 58. Rh2 Nd8 59. Bg3 Ne6 60. Kd5 Ng5 61. Re2 Nf7 62. Bf2 Nd8 63. Bxd4 Bxd4 64. Kxd4 Nc6+ 65. Kc5 Kc7 66. Re6 b6+ 67. Kd5 Nd8 68. Rxe7+ Kc8 69. Kd6 Nb7+ 70. Kc6 Nd8+ 71. Kxb6 a5 72. bxa5 Kb8 73. Re8 Kc8 74. a6 Kd7 75. Rxd8+ Kxd8 76. a7 Kd7 77. a4 Ke7 78. a5 Kf6 79. a6 Ke5 80. a8=Q Kd4 81. a7 Kc3 82. Qd5 Kb4 83. a8=Q Kc3 84. Qa3+ Kc2 85. Qdd3# 1-0


[Site "https://www.chess.com"]

[Event "Titled Tuesday Blitz June 1 2021"]
[White "Ozkan, Ervin"]
[Black "Supi, Luis Paulo"]
[WhiteFideId "6306004"]
[BlackFideId "2106388"]
[WhiteElo "2226"]
[BlackElo "2369"]
[Result "0-1"]
[Round "02"]
[TimeControl "180+1"]
[Date "2021.06.01"]
[WhiteClock "0:00:05"]
[BlackClock "0:00:27"]

1. d4 Nf6 2. Nf3 e6 3. Bf4 c5 4. e3 Qb6 5. Nbd2 d5 6. dxc5 Bxc5 7. Nb3 Be7 8. Bd3 Nc6 9. a3 Nh5 10. O-O Nxf4 11. exf4 O-O 12. Qe2 Bf6 13. Rab1 Bd7 14. Ne5 Rfd8 15. Bxh7+ Kf8 16. Qh5 Be8 17. Bd3 a5 18. Ng4 Ke7 19. Nxf6 gxf6 20. Rfe1 a4 21. Nd2 Bd7 22. Qxd5 Ne5 23. Qe4 Bc6 24. Qe3 Qxe3 25. Rxe3 Ng4 26. Rg3 f5 27. Re1 Kf8 28. Nc4 Rd4 29. h3 Nf6 30. Ne5 Bd5 31. Bb5 Rd2 32. c4 Be4 33. f3 Bc6 34. Nxc6 bxc6 35. Bxc6 Rb8 36. Bb5 Nh5 37. Rg5 Nxf4 38. h4 Rbd8 39. Kh2 Rxb2 40. h5 f6 41. Rg3 Kf7 42. h6 Rh8 43. Rg7+ Kf8 44. Kg3 Nh5+ 0-1


[Site "https://www.chess.com"]